 Dungeon Crawl Stone Soup version 0.29-a0-490-g77b3608bb8 (webtiles) character file.

Game seed: 3203127185971271071

207 pokeman the Magician (level 5, -3/29 HPs)
             Began as a Deep Elf Hedge Wizard on May 26, 2022.
             Slain by a gnoll
             ... wielding the +6 halberd of Ycapoudd {venom, rF+ Will+}
              (12 damage)
             ... on level 3 of the Dungeon.
             The game lasted 00:06:00 (3174 turns).

pokeman the Magician (Deep Elf Hedge Wizard)        Turns: 3174, Time: 00:06:01

Health: -3/29      AC:  3    Str:  7    XL:     5   Next: 54%
Magic:  5/15       EV: 16    Int: 21    God:
Gold:   119        SH:  5    Dex: 14    Spells: 5/16 levels left

rFire   . . .      SeeInvis .   a - +0 dagger
rCold   . . .      Faith    .   (no shield)
rNeg    + . .      Spirit   .   r - +0 leather armour
rPois   .          Reflect  +   c - +0 hat
rElec   .          Harm     .   (no cloak)
rCorr   .          Rampage  .   (no gloves)
Will    .....                   (no boots)
Stlth   ++........              o - amulet of reflection
HPRegen 0.09/turn               m - +4 ring of evasion
MPRegen 0.14/turn               b - ring of positive energy

@: no status effects
A: no striking features
a: no special abilities


You were on level 3 of the Dungeon.
You visited 1 branch of the dungeon, and saw 3 of its levels.

You collected 119 gold pieces.

Inventory:

Hand Weapons
 a - a +0 dagger (weapon)
Armour
 c - a +0 hat (worn)
 l - a +1 ring mail of fire resistance
 r - a +0 leather armour (worn)
Jewellery
 b - a ring of positive energy (right hand)
 m - a +4 ring of evasion (left hand)
 o - an amulet of reflection (around neck)
Scrolls
 g - 3 scrolls of teleportation {unknown}
 h - a scroll of magic mapping {unknown}
 i - a scroll of immolation {unknown}
 n - a scroll of identify {unknown}
 q - a scroll of blinking {unknown}
 s - a scroll of enchant armour {unknown}
 t - a scroll of acquirement {unknown}
Potions
 d - 3 potions of magic
 e - a potion of resistance {unknown}
 f - 2 potions of curing {unknown}
 j - 3 potions of berserk rage {unknown}
 k - a potion of mutation {unknown}
 p - a potion of haste {unknown}
 u - a potion of heal wounds {unknown}


   Skills:
 - Level 1.0 Fighting
 - Level 1.0 Armour
 - Level 3.0 Dodging
 + Level 2.8 Stealth
 * Level 6.4 Spellcasting
 + Level 2.7 Conjurations
 - Level 1.1 Summonings
 - Level 1.1 Translocations
 - Level 1.3 Fire Magic
 + Level 0.7 Air Magic


You had 5 spell levels left.
You knew the following spells:

 Your Spells              Type           Power      Damage    Failure   Level
a - Magic Dart            Conj           72%        1d6       4%          1
b - Mephitic Cloud        Conj/Pois/Air  11%        N/A       26%         3
c - Call Imp              Summ           11%        N/A       13%         2
d - Blink                 Tloc           22%        N/A       13%         2
e - Conjure Flame         Conj/Fire      15%        6-21      19%         3

Your spell library contained the following spells:

 Spells                   Type           Power      Damage    Failure   Level
 Slow                     Hex            24%        N/A       14%         1


Dungeon Overview and Level Annotations

Branches:
Dungeon (3/15)

Altars:

Annotations:
D:3 1 transporter, jejorda2's ghost, amateur MfFi


Message History

Casting: Mephitic Cloud (quite dangerous; 26% risk of failure)
Confirm with . or Enter, or press ? or * to list all spells.
The spell is quite dangerous to miscast (19% risk of failure)!
Continue anyway?
Okay, then.
Casting: Conjure Flame (quite dangerous; 19% risk of failure)
Confirm with . or Enter, or press ? or * to list all spells.
The spell is quite dangerous to miscast (19% risk of failure)!
Continue anyway?
The fire begins to smoulder!
You feel stable enough to blink again.
The gnoll dies!
The gnoll is engulfed in noxious fumes.
The gnoll appears confused.
The gnoll misses you.
The gnoll is engulfed in noxious fumes.
The gnoll appears confused.
The gnoll barely misses itself.
You are not religious.
Unknown command.
Unknown command.
The gnoll is engulfed in noxious fumes.
The gnoll appears confused.
The gnoll barely misses the gnoll.
The gnoll shaman hits the gnoll with a +0 club!
The gnoll is engulfed in noxious fumes.
The gnoll appears confused.
The gnoll hits the gnoll shaman with a +2 spear of venom!
The gnoll shaman is poisoned.
The fire ignites!
Unknown command.
You hit the gnoll.
The gnoll is lightly wounded.
The gnoll is engulfed in noxious fumes.
The gnoll shaman hits the gnoll with a +0 club!
The gnoll is killed!
The gnoll hits the gnoll with a +2 spear of venom.
The gnoll is poisoned.
Unknown command.
You hit the gnoll.
The gnoll is moderately wounded.
The gnoll hits the gnoll with the +6 halberd of Ycapoudd {venom, rF+ Will+}!
The gnoll looks as sick as possible!
Unknown command.
Unknown command.
The gnoll dies!
The gnoll hits you with the +6 halberd of Ycapoudd {venom, rF+ Will+}!
You die...

...<.≈≈.#©.#...#..#.≈≈..#########
..##.≈≈.##.##g##.##.≈≈...........
####.....#.#...#.#..≈≈.####.#####
####....©#.'.©('g#©.≈≈...........
.........#.#8⌠8#g#..≈≈..########.
###..≈≈.##.#####g##.≈≈..#######..
#..≈≈.#..#.:.#g.#.≈≈.).....)...
#..≈≈.##.#...#§##.≈≈.########..
#..≈≈..#.#..g#@#..≈≈)# #..
#..≈≈###.##'##g###≈≈.# #..
#..≈≈#.....g.W)g.#≈≈÷# ####.
#..≈≈##.###g###.##≈≈.# #....
###..≈≈#g.#8###8#..#≈≈.######.#..
.....≈≈####.....####≈≈........#..
####.≈≈≈≈≈≈≈≈≈≈≈≈≈≈≈≈≈........#..
##...≈≈≈≈≈≈≈≈≈≈≈≈≈≈≈≈≈........#..
##............................#..


You could see a gnoll shaman (confused, very poisoned), jejorda2's ghost and 6
gnolls.

Vanquished Creatures
  A gnoll shaman (D:3)
  Terence (D:3)
  2 adders (D:3)
  5 gnolls (D:3)
  2 worms
  4 ball pythons
  5 bats
  8 endoplasms
  5 giant cockroaches
  8 goblins
  8 hobgoblins
  2 jackals (D:1)
  5 quokkas
  A frilled lizard (D:1)
  2 kobolds
  5 rats
64 creatures vanquished.

Vanquished Creatures (collateral kills)
  2 gnolls (D:3)
2 creatures vanquished.

Vanquished Creatures (others)
  6 plants (D:3)
6 creatures vanquished.

Grand Total: 72 creatures vanquished

Notes
Turn   | Place    | Note
-------+----------+-------------------------------------------
     0 | D:1      | pokeman the Deep Elf Hedge Wizard began the quest for the
                  | Orb.
     0 | D:1      | Reached XP level 1. HP: 10/10 MP: 7/7
   231 | D:1      | Reached XP level 2. HP: 4/15 MP: 1/9
   990 | D:1      | Found a faded altar of an unknown god.
  1109 | D:1      | Reached skill level 5 in Spellcasting
  1396 | D:2      | Reached XP level 3. HP: 12/20 MP: 3/11
  1402 | D:2      | Learned a level 3 spell: Mephitic Cloud
  1423 | D:2      | Learned a level 2 spell: Call Imp
  1426 | D:2      | Learned a level 2 spell: Blink
  1430 | D:2      | Learned a level 3 spell: Conjure Flame
  1893 | D:2      | Reached skill level 1 in Fighting
  1991 | D:2      | Reached skill level 1 in Armour
  2120 | D:3      | Found a transporter.
  2120 | D:3      | Found a transporter.
  2192 | D:3      | Reached XP level 4. HP: 25/25 MP: 3/13
  2283 | D:3      | Identified the +6 halberd of Ycapoudd {venom, rF+ Will+}
  2535 | D:3      | Reached skill level 1 in Fire Magic
  2545 | D:3      | Reached skill level 6 in Spellcasting
  2545 | D:3      | Reached XP level 5. HP: 29/29 MP: 4/15
  2818 | D:3      | Noticed Terence
  2833 | D:3      | Noticed jejorda2's ghost (amateur MfFi)
  2836 | D:3      | Killed Terence
  3174 | D:3      | Slain by a gnoll

Illustrated notes

Levels and vault maps discovered:
D:1:      dpeg_arrival_line_fractal, layout_loops_ring,
          hellmonk_ecumenical_altar_prayer_group
D:2:      layout_rooms
D:3:      layout_rooms, gammafunk_ghost_gnarly_gnolls, uniq_terence

Skill      XL: |  1  2  3  4 |
---------------+-------------+-----
Spellcasting   | 5 6 |  6.4
Fighting       | 1 |  1.0
Armour         | 1 |  1.0
Conjurations   | 2 |  2.7
Fire Magic     | 1 |  1.3
Dodging        | 3 |  3.0
Stealth        | |  2.8
Summonings     | |  1.1
Translocations | |  1.1
Air Magic      | |  0.7

Action                   |  1- 3 |  4- 6 || total
-------------------------+-------+-------++-------
Melee: Dagger            |    21 |    15 ||    36
 Cast: Magic Dart        |   111 |    47 ||   158
       Mephitic Cloud    |       |     6 ||     6
       Conjure Flame     |       |     2 ||     2
       Blink             |       |     1 ||     1
 Stab: Confused          |       |     2 ||     2
Armor: Robe              |    18 |       ||    18
Dodge: Dodged            |    37 |    12 ||    49
Block: Other             |       |     7 ||     7

Table legend: (Time is in decaauts)
 A = Elapsed time spent in this place.
 B = Non-inter-level travel time spent in this place.
 C = Inter-level travel time spent in this place.
 D = Time resting spent in this place.
 E = Time spent auto-exploring this place.
 F = Levels seen in this place.
 G = Mean time per level.
                   A        B        C        D        E       F      G
               +--------+--------+--------+--------+--------+-----+--------+
         Total |   3173 |   3071 |    102 |     86 |   2567 |   3 | 1057.7 |
       Dungeon |   3173 |   3071 |    102 |     86 |   2567 |   3 | 1057.7 |
               +--------+--------+--------+--------+--------+-----+--------+

Top non-repeatable levels by time:
     D:1: 1359 daAuts
     D:3: 1053 daAuts
     D:2: 760 daAuts
